 Dungeon Crawl Stone Soup version 0.20-a0-1126-g0f15420 (webtiles) character file.

29372 Lexie the Fighter (level 13, -2/95 HPs)
             Began as an Octopode Fire Elementalist on May 17, 2017.
             Was an Elder of Vehumet.
             Slain by a five-headed hydra (17 damage)
             ... on level 3 of the Lair of Beasts.
             The game lasted 00:52:54 (24821 turns).

Lexie the Fighter (Octopode Fire Elementalist)     Turns: 24821, Time: 00:52:54

Health: -2/95      AC:  1    Str: 12    XL:     13   Next: 44%
Magic:  9/27       EV: 16    Int: 28    God:    Vehumet [****..]
Gold:   1929       SH:  5    Dex: 15    Spells: 3/32 levels left

rFire    + . .     SeeInvis .   u - +11 hand axe "Jokhaar" {flame, Str+4 Int+3}
rCold    + . .     Gourm    .   V - +0 buckler
rNeg     + . .     Faith    .   (helmet restricted)
rPois    .         Spirit   .   (no amulet)
rElec    .         Reflect  .   R - ring of Wariness {rC+ rN+ MR+ Dex+3}
rCorr    .         Harm     .   n - ring of flight
MR       +....                  q - ring of stealth
Stlth    ++++++....             O - +3 ring of intelligence
Regen    0.3/turn               T - -2 ring of evasion (curse)
MPRegen  0.2/turn               X - ring of protection from fire
                                (no ring)
                                (no ring)

@: frozen, very slow
A: almost no armour, stealthy swim, amphibious, 8 rings, constrict 8, camouflage
1, gelatinous body 1
a: Renounce Religion, Evoke Flight


You were on level 3 of the Lair of Beasts.
You worshipped Vehumet.
Vehumet was greatly pleased with you.
You were not hungry.

You visited 2 branches of the dungeon, and saw 15 of its levels.
You also visited: Bailey.

You collected 1929 gold pieces.

Inventory:

Hand Weapons
 u - the +11 hand axe "Jokhaar" (weapon) {flame, Str+4 Int+3}
   (You found it on level 4 of the Dungeon)

   It has been specially enchanted to burn those struck by it, causing extra
   injury to most foes and up to half again as much damage against particularly
   susceptible opponents.
   Big, fiery blades are also staple armaments of hydra-hunters.
   It affects your strength (+4).
   It affects your intelligence (+3).
Missiles
 w - 6 throwing nets (quivered)
Armour
 V - a +0 buckler (worn)
Jewellery
 n - a ring of flight (right tentacle)
 q - a ring of stealth (on tentacle)
 z - an uncursed ring of ice
 O - a +3 ring of intelligence (on tentacle)
 R - the ring of Wariness (left tentacle) {rC+ rN+ MR+ Dex+3}
   (You found it on level 11 of the Dungeon)

   [ring of positive energy]

   It affects your dexterity (+3).
   It protects you from cold.
   It protects you from negative energy.
   It affects your resistance to hostile enchantments.
 T - a cursed -2 ring of evasion (on tentacle)
 X - a ring of protection from fire (on tentacle)
Wands
 s - a wand of clouds (9/9)
 t - a wand of acid (9/15)
 x - a wand of scattershot (5/9)
 y - a wand of polymorph (9/24)
 B - a wand of lightning (5/15)
 H - a wand of polymorph (10/24)
 M - a wand of digging (16/24)
Scrolls
 d - 2 scrolls of identify
 e - 2 scrolls of enchant armour
 f - 4 scrolls of enchant weapon
 h - a scroll of fog
 o - 5 scrolls of recharging
 p - 8 scrolls of teleportation
 v - 4 scrolls of remove curse
 D - 2 scrolls of magic mapping
 L - a scroll of random uselessness
 N - 2 scrolls of amnesia
 P - 2 scrolls of fear
 W - a scroll of noise
Potions
 c - 8 potions of curing
 i - 3 potions of flight
 j - a potion of resistance
 k - 2 potions of mutation
 r - 3 potions of magic
 C - 2 potions of haste {unknown}
 E - a potion of might {unknown}
 G - 4 potions of lignification
 K - 2 potions of agility
 U - a potion of brilliance {unknown}
 Y - 2 potions of cancellation
Books
 a - a book of Flames

   Spells                             Type                      Level
   a - Flame Tongue                   Conjuration/Fire             1
   b - Throw Flame                    Conjuration/Fire             2
   c - Conjure Flame                  Conjuration/Fire             3
   d - Inner Flame                    Hexes/Fire                   3
   e - Sticky Flame                   Conjuration/Fire             4
   f - Fireball                       Conjuration/Fire             5
 l - a book of Frost

   Spells                             Type                      Level
   a - Freeze                         Ice                          1
   b - Throw Frost                    Conjuration/Ice              2
   c - Ozocubu's Armour               Charms/Ice                   3
   d - Throw Icicle                   Conjuration/Ice              4
   e - Summon Ice Beast               Ice/Summoning                4
 F - a book of Cantrips

   Spells                             Type                      Level
   a - Confusing Touch                Hexes                        1
   b - Animate Skeleton               Necromancy                   1
   c - Summon Small Mammal            Summoning                    1
   d - Apportation                    Translocation                1
 J - a book of Misfortune

   Spells                             Type                      Level
   a - Confusing Touch                Hexes                        1
   b - Confuse                        Hexes                        3
   c - Gell's Gravitas                Translocation                3
   d - Petrify                        Transmutation/Earth          4
   e - Metabolic Englaciation         Hexes/Ice                    5
   f - Yara's Violent Unravelling     Hexes/Transmutation          5
Comestibles
 b - 11 bread rations
 g - 6 meat rations
 S - 26 fruits


   Skills:
 + Level 11.4 Fighting
 - Level 8.0 Dodging
 - Level 7.2 Stealth
 - Level 4.1 Shields
 - Level 10.4 Spellcasting
 - Level 10.7 Conjurations
 - Level 7.5 Fire Magic


You had 3 spell levels left.
You knew the following spells:

 Your Spells              Type           Power        Failure   Level  Hunger
a - Flame Tongue          Conj/Fire      #####        1%          1    None
b - Throw Flame           Conj/Fire      ######       1%          2    None
c - Conjure Flame         Conj/Fire      ######..     1%          3    None
d - Sticky Flame          Conj/Fire      ######..     1%          4    None
e - Fireball              Conj/Fire      ######....   1%          5    ###....
f - Throw Icicle          Conj/Ice       #####...     1%          4    None
g - Mephitic Cloud        Conj/Pois/Air  ####....     1%          3    None
h - Ignite Poison         Fire/Tmut/Pois ####....     1%          3    None
i - Olgreb's Toxic Radia  Pois           ##......     11%         4    None


Dungeon Overview and Level Annotations

Branches:
Dungeon (12/15)            Temple (0/1) D:7            Lair (3/6) D:8
 Spider (0/4) Lair:2          Orc (0/2) D:10
  Swamp: Lair:2-4    Shoals: Lair:2-4

Altars:
Ashenzari
Fedhas
Gozag
Kikubaaqudgha
Makhleb
Nemelex Xobeh
Qazlal
Uskayaw
Vehumet
Xom
Yredelemnul
The Shining One

Shops:
D:7 *   D:12 !

Annotations:
D:9 2 exclusions
D:12 exclusions: death knight and 1 more exclusion, Serafim's ghost, journeyman MiFi


Innate Abilities, Weirdness & Mutations

You cannot wear most types of armour.
You are very stealthy in the water. (Stealth+)
You are amphibious.
You can wear up to eight rings at the same time.
You can use your tentacles to constrict eight enemies at once.
Your skin changes colour to match your surroundings (Stealth+).
Your rubbery body absorbs attacks. (AC +1, EV +1)


Message History

The flame cauterises the wound!
You slash the five-headed hydra! You burn the five-headed hydra.
The five-headed hydra is heavily wounded.
You hit the plant but do no damage. The rime drake breathes ice at you.
The flash freeze hits you! You partially resist.
You are encased in ice.
The five-headed hydra closely misses you.
The five-headed hydra bites you! x2
The five-headed hydra completely misses you.
The five-headed hydra bites you. The five-headed hydra bites you. x2
The five-headed hydra closely misses you.
The five-headed hydra bites you. The five-headed hydra bites you!
* * * LOW HITPOINT WARNING * * *
You block the five-headed hydra's attack.
The five-headed hydra bites you!
* * * LOW HITPOINT WARNING * * *
The five-headed hydra bites you!
You die...

## #..#...#. #
.# ...P.....
#.##.###..+...#
..........#...#
.............'#
..............
........#..#
.....).D.[.#
.P#....P@..#
...#...#k..# .
#.......#
.P...P..... ...#
..........#..
...+..
...#...?........
...#.#.
..#.............
.......
.....#........
.......


You could see a five-headed hydra and a rime drake.

Vanquished Creatures
  Harold (D:10)
  2 hydras
  3 two-headed ogres
  3 death yaks (D:8)
  A skeletal warrior (D:12)
  A necromancer (Lair:2)
  An orb spider (Lair:2)
  An ugly thing (D:10)
  2 centaur zombies (D:12)
  Joseph (D:9)
  Maurice (D:10)
  A black mamba (Lair:1)
  2 spiny frogs (Lair:1)
  2 rime drakes (Lair:2)
  The ghost of Naow the Magician, a novice OpWz (D:5)
  2 komodo dragons
  A kobold demonologist (D:11)
  A tengu conjurer (D:12)
  A troll (D:12)
  2 hornets (Lair:3)
  A meliai zombie (D:11)
  9 blink frogs
  6 hippogriffs
  A wraith (D:12)
  A shadow (D:11)
  8 spriggans (Lair:3)
  2 wyverns
  18 yaks
  A basilisk (Lair:1)
  A vampire mosquito (D:11)
  The ghost of Naow the Magician, an amateur OpWz (D:3)
  An acid dragon (D:11)
  A soldier ant (D:11)
  An insubstantial wisp (Lair:3)
  3 water moccasins
  5 porcupines
  An ice beast (D:9)
  3 orc warriors
  4 sky beasts
  2 phantoms
  A boggart (Lair:3)
  9 ogres
  6 wolves
  6 centaurs
  5 crocodiles
  The ghost of Naow the Firebug, an amateur OpFE (D:4)
  6 big kobolds
  17 bullfrogs
  8 gnoll sergeants (Bailey)
  A water moccasin zombie (D:10)
  4 scorpions
  A water moccasin skeleton (D:10)
  6 killer bees (D:9)
  5 wights
  A howler monkey (D:4)
  A bullfrog zombie (D:12)
  6 crimson imps
  2 quasits
  4 centaur skeletons
  8 hounds
  A bullfrog skeleton (D:8)
  11 orc priests
  9 gnoll shamans
  5 iguanas
  Natasha (thrice) (D:2)
  10 orc wizards
  A hell rat (D:8)
  A yak simulacrum (Lair:2)
  9 worker ants
  2 polar bear simulacra (Lair:2)
  4 wolf simulacra (Lair:2)
  2 worker ant zombies (D:9)
  25 gnolls
  5 adders
  3 shadow imps
  An ooze (D:3)
  2 adder skeletons
  2 worms
  3 dart slugs
  6 leopard geckos
  34 orcs
  4 giant cockroaches
  5 goblins
  4 hobgoblins
  20 kobolds
  4 quokkas
  4 frilled lizards
  A jackal skeleton (D:5)
  A quokka zombie (D:9)
  11 rats
  4 river rat simulacra (Lair:2)
395 creatures vanquished.

Vanquished Creatures (others)
  7 fungi
  3 plants
10 creatures vanquished.

Grand Total: 405 creatures vanquished

Notes
Turn   | Place    | Note
-------+----------+-------------------------------------------
     0 | D:1      | Lexie the Octopode Fire Elementalist began the quest for the Orb.
     0 | D:1      | Reached XP level 1. HP: 11/11 MP: 3/3
   371 | D:1      | Reached XP level 2. HP: 17/17 MP: 5/5
  1164 | D:2      | Found a basalt altar of Yredelemnul.
  1186 | D:2      | Noticed Natasha
  1194 | D:2      | Killed Natasha
  1194 | D:2      | Reached XP level 3. HP: 16/21 MP: 1/6
  1291 | D:2      | Learned a level 2 spell: Throw Flame
  1295 | D:2      | Learned a level 3 spell: Conjure Flame
  1606 | D:2      | Reached XP level 4. HP: 27/27 MP: 2/8
  1787 | D:2      | Noticed Natasha
  1791 | D:2      | Killed Natasha
  1968 | D:2      | Noticed Natasha
  1971 | D:2      | Killed Natasha
  2101 | D:3      | Found a shattered altar of Ashenzari.
  2101 | D:3      | Noticed Naow's ghost (amateur OpWz)
  2108 | D:3      | Killed Naow's ghost
  2108 | D:3      | Reached XP level 5. HP: 24/31 MP: 4/10
  2108 | D:3      | Reached XP level 6. HP: 28/36 MP: 4/11
  3048 | D:4      | Noticed Naow's ghost (amateur OpFE)
  3055 | D:4      | Killed Naow's ghost
  3404 | D:4      | Got a shimmering hand axe
  3405 | D:4      | Identified the +11 hand axe "Jokhaar" {flame, Str+4 Int+3} (You found it on level 4 of the Dungeon)
  3530 | D:4      | Reached skill level 5 in Stealth
  3530 | D:4      | Reached XP level 7. HP: 41/41 MP: 8/13
  3591 | D:4      | Learned a level 4 spell: Sticky Flame
  3777 | D:4      | Found a glowing golden altar of the Shining One.
  3849 | D:4      | Found a stormy altar of Qazlal.
  3935 | D:4      | Found an opulent altar of Gozag.
  4026 | D:5      | Entered Level 5 of the Dungeon
  4052 | D:5      | Found a burning altar of Makhleb.
  4053 | D:5      | Found a radiant altar of Vehumet.
  4064 | D:5      | Became a worshipper of Vehumet
  4095 | D:5      | Noticed Naow's ghost (novice OpWz)
  4121 | D:5      | Killed Naow's ghost
  4121 | D:5      | Reached skill level 5 in Spellcasting
  4121 | D:5      | Reached skill level 5 in Conjurations
  4121 | D:5      | Reached XP level 8. HP: 29/46 MP: 5/15
  4156 | D:5      | Learned a level 5 spell: Fireball
  4245 | D:5      | Found a radiant altar of Vehumet.
  5265 | D:5      | Reached skill level 5 in Fire Magic
  5627 | D:6      | Reached * piety under Vehumet
  5627 | D:6      | Offered knowledge of Sandblast by Vehumet.
  5698 | D:6      | Reached XP level 9. HP: 43/51 MP: 9/18
  5923 | D:6      | Found a shimmering altar of Xom.
  5925 | D:6      | Found a shimmering altar of Xom.
  5925 | D:6      | Found a shimmering altar of Xom.
  5934 | D:6      | Found a shimmering altar of Xom.
  5948 | D:6      | Found a shimmering altar of Xom.
  5949 | D:6      | Found a shimmering altar of Xom.
  5950 | D:6      | Found a shimmering altar of Xom.
  6059 | D:7      | Found a staircase to the Ecumenical Temple.
  6379 | D:7      | Found Baat's Assorted Antiques.
  6396 | D:7      | Found a hide-covered altar of Uskayaw.
  6396 | D:7      | Found a blossoming altar of Fedhas.
  6397 | D:7      | Found an ancient bone altar of Kikubaaqudgha.
  6989 | D:8      | Found a staircase to the Lair.
  6989 | D:8      | Noticed a death yak
  6990 | D:8      | Noticed a death yak
  6991 | D:8      | Noticed a death yak
  7016 | D:8      | Found a sparkling altar of Nemelex Xobeh.
  7839 | D:9      | Offered knowledge of Throw Frost by Vehumet.
  7950 | D:9      | Reached ** piety under Vehumet
  8427 | D:9      | Reached XP level 10. HP: 56/56 MP: 18/21
  8839 | D:9      | Learned a level 4 spell: Throw Icicle
  8928 | D:9      | Noticed a two-headed ogre
  8940 | D:9      | Killed a two-headed ogre
  8940 | D:9      | Reached skill level 1 in Fighting
  9361 | D:9      | Noticed Joseph
  9371 | D:9      | Killed Joseph
  9831 | D:9      | Reached skill level 2 in Fighting
 10324 | D:9      | Offered knowledge of Mephitic Cloud by Vehumet.
 10329 | D:9      | Learned a level 3 spell: Mephitic Cloud
 10625 | D:10     | Entered Level 10 of the Dungeon
 10632 | D:10     | Noticed Maurice
 10642 | D:10     | Killed Maurice
 10688 | D:10     | Noticed Harold
 10702 | D:10     | Killed Harold
 10702 | D:10     | Reached skill level 3 in Fighting
 10702 | D:10     | Reached skill level 10 in Conjurations
 10702 | D:10     | Reached XP level 11. HP: 60/67 MP: 11/24
 10844 | D:10     | Noticed a cyan ugly thing
 10853 | D:10     | Killed a cyan ugly thing
 11127 | D:10     | Found a flagged portal.
 11141 | Bailey   | Entered a bailey
 12365 | Bailey   | Reached *** piety under Vehumet
 13408 | D:10     | Found a staircase to the Orcish Mines.
 13491 | D:10     | Reached skill level 4 in Fighting
 13531 | D:11     | Offered knowledge of Ignite Poison by Vehumet.
 13536 | D:11     | Learned a level 3 spell: Ignite Poison
 13882 | D:11     | Noticed a two-headed ogre
 13896 | D:10     | Killed a two-headed ogre
 13896 | D:10     | Reached skill level 5 in Dodging
 14650 | D:11     | Got a coiled copper ring
 14657 | D:11     | Identified the ring of Wariness {rC+ rN+ MR+ Dex+3} (You found it on level 11 of the Dungeon)
 15095 | D:11     | Noticed a two-headed ogre
 15422 | D:10     | Killed a two-headed ogre
 15622 | D:11     | Reached skill level 5 in Fighting
 15846 | D:12     | Noticed a four-headed hydra
 15852 | D:12     | Killed a four-headed hydra
 16162 | D:12     | Reached **** piety under Vehumet
 16211 | D:12     | Reached XP level 12. HP: 71/77 MP: 13/25
 16328 | D:12     | Reached skill level 1 in Shields
 16432 | D:12     | Noticed Serafim's ghost (journeyman MiFi)
 16703 | D:12     | Noticed a death knight
 17158 | D:12     | Offered knowledge of Venom Bolt by Vehumet.
 17336 | D:12     | Found Ecsihaat's Distillery.
 17610 | D:9      | Reached skill level 10 in Spellcasting
 18157 | D:8      | Noticed a two-headed ogre
 18690 | D:8      | Killed a death yak
 18690 | D:8      | Reached skill level 6 in Fighting
 18880 | D:8      | Killed a death yak
 19119 | D:8      | Killed a death yak
 20072 | Lair:1   | Entered Level 1 of the Lair of Beasts
 20090 | Lair:1   | Reached skill level 7 in Fighting
 20595 | Lair:1   | Reached ***** piety under Vehumet
 20973 | Lair:1   | Offered knowledge of Olgreb's Toxic Radiance by Vehumet.
 20979 | Lair:1   | Learned a level 4 spell: Olgreb's Toxic Radiance
 21307 | Lair:1   | Reached skill level 8 in Fighting
 21967 | Lair:2   | Reached XP level 13. HP: 65/90 MP: 13/27
 22074 | Lair:2   | Reached skill level 9 in Fighting
 22418 | Lair:2   | Found a hole to the Spider Nest.
 22801 | Lair:2   | Reached skill level 10 in Fighting
 23543 | Lair:3   | Paralysed by a hornet for 2 turns
 23948 | Lair:3   | Reached skill level 11 in Fighting
 24821 | Lair:3   | Slain by a five-headed hydra

Vault maps used:
D:1:      shiori_arrival_elements, serial_corexii_hall, corexii_hall_statues_l,
          corexii_hall_statues_deadend
D:2:      yredelemnul_altar_generic, uniq_natasha
D:3:      evilmike_ruin_ashenzari, nicolae_overflow_hidden_temple
D:4:      nicolae_tso_carved_into_rock, nicolae_qazlal_eye_of_the_storm,
          nicolae_overflow_crystal_walls, first_bread
D:5:      grunt_temple_overflow_lords_of_destruction, vehumet_altar_wand_db
D:6:      xom_redecorated, interstate_on_off
D:7:      gammafunk_temple_overflow_claw, temple_hall, serial_shops, shop,
          serial_glass, glass_columns_a, glass_columns_a, st_stairs_6
D:8:      nemelex_xobeh_ov_fountains_minmay, dpeg_lair_monsters
D:9:      kennysheep_seaside_town, uniq_joseph
D:10:     orc_0_dummy, enter_bailey_2, uniq_harold, uniq_maurice
D:12:     serial_shops, kennysheep_mini_moat, grunt_tengu_nest
Lair:2:   nicolae_spider_entry_orb_guardian, eino_house_with_fridge
Lair:3:   kb_forest_paths, minmay_swamp_entry_wisps
Bailey:   bailey_polearm_gnolls_kennysheep, bailey

Skill      XL: |  1  2  3  4  5  6  7  8  9 10 11 12 13 |
---------------+----------------------------------------+-----
Stealth        | 3 4 5 7 |  7.2
Conjurations   | 2 3 4 5 6 8 10 | 10.7
Spellcasting   | 3 4 5 6 7 9 10 | 10.4
Fire Magic     | 4 5 6 7 |  7.5
Dodging        | 4 6 8 |  8.0
Fighting       | 3 5 8 11 | 11.4
Shields        | 4 |  4.1

Action                   |  1- 3 |  4- 6 |  7- 9 | 10-12 | 13-15 || total
-------------------------+-------+-------+-------+-------+-------++-------
Melee: Unarmed           |    15 |     2 |       |       |       ||    17
       Constrict         |     6 |       |     4 |    10 |       ||    20
       Tentacles         |     3 |     1 |     1 |     7 |     1 ||    13
       Hand axe          |       |       |    39 |    57 |    27 ||   123
 Cast: Flame Tongue      |    34 |    67 |   142 |   242 |    43 ||   528
       Throw Flame       |       |     8 |    47 |   371 |    87 ||   513
       Sticky Flame      |       |       |     3 |    39 |    19 ||    61
       Conjure Flame     |       |       |     2 |    19 |     1 ||    22
       Fireball          |       |       |     1 |    24 |    10 ||    35
       Throw Icicle      |       |       |       |    15 |       ||    15
       Mephitic Cloud    |       |       |       |     3 |       ||     3
       Olgreb's Toxic Ra |       |       |       |     1 |     1 ||     2
       Ignite Poison     |       |       |       |     1 |       ||     1
  Use: Scroll            |       |       |    17 |     1 |     8 ||    26
       Potion            |       |       |       |       |     1 ||     1
 Stab: Sleeping          |     6 |       |    12 |     3 |       ||    21
       Distracted        |       |       |     1 |       |       ||     1
  Eat: Chunk             |     2 |     6 |    15 |    31 |     8 ||    62
       Meat ration       |       |       |       |     2 |     1 ||     3
       Royal jelly       |       |       |       |     2 |       ||     2
Armor: Skin              |     2 |     1 |     3 |     5 |     1 ||    12
Dodge: Dodged            |     8 |    19 |    48 |   130 |    57 ||   262
Block: Buckler           |       |       |       |    19 |    17 ||    36
